 Dungeon Crawl Stone Soup version 0.15.1-3-g1b33baa (webtiles) character file.

184 Johnny the Chiller (level 5, 0/40 HPs)
             Began as a Demigod Ice Elementalist on Oct 4, 2014.
             Killed from afar by an orc wizard (6 damage)
             ... with a magic dart
             ... on Level 4 of the Dungeon.
             The game lasted 00:06:05 (2808 turns).

Johnny the Chiller (Demigod Ice Elementalist)       Turns: 2808, Time: 00:06:05

HP   0/40        AC 12     Str 13      XL: 5   Next: 14%
MP  13/13        EV  8     Int 20      God:
Gold 164         SH  0     Dex 16      Spells:  2 memorised,  4 levels left

rFire  . . .     SeeInvis .     d - +1 glaive (protect)
rCold  . . .     Clarity  .     l - +0 scale mail (curse)
rNeg   + . .     rCorr    .     (no shield)
rPois  .         rRot     .     (no helmet)
rElec  .         Spirit   .     (no cloak)
SustAb .         Warding  +     r - +0 pair of gloves
rMut   .         Stasis   .     (no boots)
Gourm  .                        q - amulet of warding
MR     .....                    (no ring)
                                (no ring)

@: not resistant to hostile enchantments, very unstealthy
A: no striking features
a: no special abilities


You were on level 4 of the Dungeon.
You were not hungry.

You visited 1 branch of the dungeon, and saw 4 of its levels.

You collected 164 gold pieces.

Inventory:

Hand weapons
 d - a +1 glaive of protection (weapon)
 e - a +1 dagger of draining
 h - a +2 dagger of flaming
Armour
 a - a +0 robe
 j - a +0 leather armour
 l - a cursed +0 scale mail (worn)
 r - a +0 pair of gloves (worn)
Comestibles
 c - 5 bread rations
 k - 5 meat rations
 n - a royal jelly
 u - a slice of pizza
Scrolls
 f - 5 scrolls of identify
 g - a scroll of random uselessness
 p - a scroll of magic mapping {unknown}
 t - a scroll of enchant armour {unknown}
 w - a scroll of remove curse {unknown}
Jewellery
 q - an amulet of warding (around neck)
Potions
 s - a potion of cancellation
Books
 b - a book of Frost

   Spells                             Type                      Level
   *Freeze                            Ice                          1
   Throw Frost                        Conjuration/Ice              2
   Ozocubu's Armour                   Charms/Ice                   3
   Throw Icicle                       Conjuration/Ice              4
   *Summon Ice Beast                  Ice/Summoning                4
   Condensation Shield                Ice                          4


   Skills:
 * Level 1.3 Fighting
 + Level 1.2 Armour
 + Level 2.3 Dodging
 + Level 2.2 Stealth
 * Level 2.8 Spellcasting
   Level 0.8 Conjurations
 * Level 0.5 Summonings
 * Level 3.6 Ice Magic


You had 4 spell levels left.
You knew the following spells:

 Your Spells              Type           Power        Failure   Level  Hunger
a - Freeze                Ice            ###.         24%         1    None
b - Summon Ice Beast      Ice/Summ       ##......     100%        4    ####...


Dungeon Overview and Level Annotations

Branches:
Dungeon (4/15)             Temple (0/1) D:4


Message History

Unknown command.
You see here a long runed staff.
You see here a glowing glaive.
d - a glowing glaive Wield which item (- for none, * to show all)? (? for menu, Esc to quit)
You feel protected!
d - a +1 glaive of protection (weapon)
You start resting.
All of the chunks of flesh in your inventory have rotted away.
You start resting.
Magic restored.
You start resting.
The orc wizard mumbles some strange words.
The orc wizard seems to speed up.
The orc wizard points at you and mumbles some strange words.
The puff of flame hits you!
* * * LOW HITPOINT WARNING * * *
The orc wizard casts a spell at you. The magic dart hits you!
You die...

#..# ######.# #..# #.#
#..# #.# #..# #.# #..#
#.# ##..# #.# ###...#
#.#
#<....###############.#
#........@.......o....#
#...#################.#
#...# #.# #...# #.#
#...# #.# ....# ###.#
##..## #...# #..# #.#.#
#..# #.#.#


You could see an orc wizard.

Vanquished Creatures
  An orc wizard (D:4)
  A hound (D:4)
  Jessica (D:2)
  Terence (D:2)
  2 worms (D:3)
  2 giant geckos
  8 orcs
  3 bats (D:2)
  6 giant cockroaches
  12 goblins
  8 hobgoblins
  9 jackals
  3 ball pythons
  3 giant newts (D:1)
  10 kobolds
  8 rats
78 creatures vanquished.

Vanquished Creatures (others)
  A rat (D:3)
1 creature vanquished.

Grand Total: 79 creatures vanquished

Notes
Turn   | Place    | Note
--------------------------------------------------------------
     0 | D:1      | Johnny, the Demigod Ice Elementalist, began the quest for the Orb.
     0 | D:1      | Reached XP level 1. HP: 14/14 MP: 3/3
     2 | D:1      | Noticed a merfolk
     2 | D:1      | Noticed an elf
     4 | D:1      | Noticed a human
     6 | D:1      | Noticed a troll
     6 | D:1      | Noticed a tengu
     8 | D:1      | Noticed a vampire
    10 | D:1      | Noticed a dwarf
    12 | D:1      | Noticed a felid
    12 | D:1      | Noticed a draconian
    14 | D:1      | Noticed a formicid
    16 | D:1      | Noticed a centaur
    18 | D:1      | Noticed a ghoul
    18 | D:1      | Noticed a minotaur
    20 | D:1      | Noticed a naga
    20 | D:1      | Noticed an octopode
    22 | D:1      | Noticed a demigod
    22 | D:1      | Noticed a demonspawn
    24 | D:1      | Noticed a vine stalker
    24 | D:1      | Noticed an ogre
    26 | D:1      | Noticed a gargoyle
    26 | D:1      | Noticed a spriggan
   253 | D:1      | Reached XP level 2. HP: 1/20 MP: 0/4
   295 | D:1      | HP: 1/20 [kobold/short sword (3)]
   296 | D:1      | Reached skill level 3 in Ice Magic
  1115 | D:2      | Reached XP level 3. HP: 22/27 MP: 3/8
  1282 | D:2      | Noticed Jessica
  1291 | D:2      | Killed Jessica
  1291 | D:2      | Reached skill level 1 in Armour
  1302 | D:2      | Found a bloodstained altar of Trog.
  1303 | D:2      | Found a shimmering altar of Xom.
  1436 | D:2      | Noticed Terence
  1446 | D:2      | Killed Terence
  1446 | D:2      | Reached XP level 4. HP: 27/34 MP: 2/11
  1461 | D:2      | Learned a level 4 spell: Summon Ice Beast
  1611 | D:3      | Found a white marble altar of Elyvilon.
  1704 | D:3      | Reached skill level 1 in Fighting
  1921 | D:3      | Found a snail-covered altar of Cheibriados.
  2515 | D:3      | Found a basalt altar of Yredelemnul.
  2523 | D:3      | Found an iron altar of Okawaru.
  2676 | D:4      | Found a staircase to the Ecumenical Temple.
  2684 | D:4      | Reached XP level 5. HP: 36/40 MP: 3/13
  2693 | D:4      | HP: 2/40 [orc wizard/magic dart (6)]
  2808 | D:4      | Killed from afar by an orc wizard

Action                   |  1- 3 |  4- 6 || total
-------------------------+-------+-------++-------
Melee: Dagger            |   105 |    90 ||   195
       Unarmed           |     2 |       ||     2
 Cast: Freeze            |    19 |    27 ||    46
  Use: Potion            |       |     5 ||     5
       Scroll            |       |     3 ||     3
 Stab: Sleeping          |     3 |       ||     3
  Eat: Chunk             |     2 |     4 ||     6
